 Dungeon Crawl Stone Soup version 0.28.0 (webtiles) character file.

Game seed: 16196005072464972704

16615 DasRunzen the Thaumaturge (level 12, -14/88 HPs)
             Began as a Djinni Fire Elementalist on Feb 16, 2022.
             Was an Elder of Qazlal.
             Demolished by a freezing wraith (21 damage)
             ... on level 11 of the Dungeon.
             The game lasted 00:33:28 (13446 turns).

DasRunzen the Thaumaturge (DjFE)                   Turns: 13446, Time: 00:33:29

Health: -14/88     AC: 11    Str:  9    XL:     12   Next: 72%
Gold:   856        EV: 17    Int: 22    God:    Qazlal [****..] SH:  5 Dex: 16

rFire   + + .      SeeInvis +   s - +7 falchion of the Hummingbird {freeze, rPois Str+2 Dex-4 SInv}
rCold   x . .      Faith    .   (no shield)
rNeg    . . .      Spirit   .   w - +2 troll leather armour
rPois   ∞          Reflect  .   c - +0 hat
rElec   .          Harm     .   (no cloak)
rCorr   .          Rampage  .   g - +2 pair of gloves {hurl}
Will    +....                   (boots unavailable)
Stlth   +.........              m - amulet of the acrobat
HPRegen 1.04/turn               l - ring of see invisible
MPRegen 0.00/turn               u - +6 ring of dexterity

@: flying, slowed, repel missiles, very slow
A: sickness immunity, fire resistance 2, cold vulnerability 1, float, innate
caster, HP casting, extra vitality 1
a: Renounce Religion, Upheaval, Elemental Force


You were on level 11 of the Dungeon.
You worshipped Qazlal.
Qazlal was greatly pleased with you.
You visited 2 branches of the dungeon, and saw 12 of its levels.
You also visited: Bailey.

You collected 856 gold pieces.

Inventory:

Hand Weapons
 j - a +0 trident of venom
 s - the +7 falchion of the Hummingbird (weapon) {freeze, rPois Str+2 Dex-4 SInv}
   (You found it on level 6 of the Dungeon)

   It freezes those it strikes, dealing additional cold damage.
   It can also slow down cold-blooded creatures.
   Str:       It affects your strength (+2).
   Dex:       It affects your dexterity (-4).
   rPois:     It protects you from poison.
   SInv:      It lets you see invisible.
Missiles
 F - 2 throwing nets
Armour
 c - a +0 hat (worn)
 g - a +2 pair of gloves of hurling (worn)
 o - a +2 robe of willpower
 w - a +2 troll leather armour (worn)
Magical Staves
 r - a staff of death
Jewellery
 l - a ring of see invisible (left hand)
 m - an amulet of the acrobat (around neck)
 u - a +6 ring of dexterity (right hand)
 B - a +4 ring of slaying
Wands
 h - a wand of iceblast (13)
 v - a wand of charming (7)
 y - a wand of polymorph (3)
 A - a wand of flame (24)
Scrolls
 i - 9 scrolls of teleportation
 n - 2 scrolls of fog
 x - a scroll of brand weapon
 D - 5 scrolls of enchant weapon
 E - 3 scrolls of summoning
Potions
 a - 2 potions of ambrosia
 b - 4 potions of cancellation
 d - 5 potions of might
 e - 2 potions of invisibility
 f - 4 potions of haste
 k - 6 potions of curing
 p - 3 potions of lignification {unknown}
 q - 2 potions of attraction {unknown}
 t - 3 potions of heal wounds {unknown}
 z - a potion of experience
 C - a potion of mutation {unknown}
 G - a potion of resistance {unknown}


   Skills:
 + Level 8.9 Fighting
 + Level 9.0 Armour
 + Level 10.1 Dodging
 - Level 1.5 Stealth
 * Level 10.2 Spellcasting


You had 5 spell levels left.
You knew the following spells:

 Your Spells              Type           Power      Damage    Failure   Level
a - Foxfire               Conj/Fire      100%       2x1d9     1%          1
b - Scorch                Fire           100%       2d10      1%          2
c - Conjure Flame         Conj/Fire      54%        6-21      1%          3
d - Inner Flame           Hex/Fire       54%        N/A       1%          3
e - Flame Wave            Conj/Fire      54%        2d11      1%          4
f - Animate Skeleton      Necr           100%       N/A       1%          1
g - Poisonous Vapours     Pois/Air       100%       N/A       1%          2
h - Passwall              Tmut/Erth      45%        N/A       1%          2
i - Vampiric Draining     Necr           54%        2d9       1%          3
j - Summon Forest         Summ/Tloc      27%        N/A       3%          5
Your spell library was empty.

Dungeon Overview and Level Annotations

Branches:
Dungeon (11/15)            Temple (1/1) D:7          Bailey (visited)
   Lair: D:8-11         Orc: D:9-12

Altars:
Ashenzari
Cheibriados
Dithmenos
Elyvilon
Fedhas
Gozag
Hepliaklqana
Kikubaaqudgha
Makhleb
Nemelex Xobeh
Okawaru
Qazlal
Ru
Sif Muna
Trog
Uskayaw
Vehumet
Wu Jian
Xom
Yredelemnul
Zin
The Shining One

Shops:
D:9 !

Annotations:
D:7 1 runed translucent door


Innate Abilities, Weirdness & Mutations

You are immune to sickness and miasma.
You are immune to poison.
Your flesh is very heat resistant. (rF++)
You are vulnerable to cold. (rC-)
You float through the air rather than walking.
You learn spells naturally, not from books.
Your magical power is your life essence.
You have superior vitality. (+4 MHP)


Message History

Casting: Scorch (safe; 1% risk of failure)
Confirm with . or Enter, or press ? or * to list all spells.
Flames lash the freezing wraith but do no damage.
The freezing wraith barely misses you. You block the freezing wraith's attack.
Casting: Scorch (safe; 1% risk of failure)
Confirm with . or Enter, or press ? or * to list all spells.
Flames lash the freezing wraith.
The freezing wraith is burned terribly!
The freezing wraith is severely damaged.
The freezing wraith misses you. You block the freezing wraith's attack.
Casting: Scorch (safe; 1% risk of failure)
Confirm with . or Enter, or press ? or * to list all spells.
Flames lash the freezing wraith but do no damage.
The freezing wraith completely misses you.
The freezing wraith hits you. The freezing wraith drains your vigour!
You feel yourself slow down.
Casting: Scorch (safe; 1% risk of failure)
Confirm with . or Enter, or press ? or * to list all spells.
Flames lash the freezing wraith.
The freezing wraith is burned terribly!
The freezing wraith is severely damaged.
The freezing wraith barely misses you. x2
Casting: Scorch (safe; 1% risk of failure)
Confirm with . or Enter, or press ? or * to list all spells.
Flames lash the freezing wraith.
The freezing wraith is burned terribly!
The freezing wraith is severely damaged.
The freezing wraith hits you but does no damage.
The freezing wraith misses you. The freezing wraith hits you!
The freezing wraith freezes you!!
You feel a terrible chill!
* * * LOW HITPOINT WARNING * * *
The freezing wraith hits you!
* * * LOW HITPOINT WARNING * * *
The freezing wraith drains your vigour!
You feel as though you will be slow longer.
Casting: Scorch (safe; 1% risk of failure)
Confirm with . or Enter, or press ? or * to list all spells.
Flames lash the freezing wraith but do no damage.
* * * LOW HITPOINT WARNING * * *
The freezing wraith hits you.
* * * LOW HITPOINT WARNING * * *
The freezing wraith freezes you!!
You feel a terrible chill!
You die...

.#♣. .♣# ♣.♣ #..)..#
.#.♣♣♣.#♣♣.♣♣#..).♣#
)#.♣.♣.#♣...♣#.....#
.#.♣.♣.#.....#c♣.).# #
.#.♣.♣.♣.PPP.♣..c..#.#
....≈....P≈P...♣.....#
.#.♣.♣.♣.PPP.♣♣♣.♣♣#.#
.#.♣.♣.#.....#♣W♣♣ .#
.#.♣.♣.#♣...♣#♣♣@♣ #
.#.♣♣♣.#♣♣.♣♣ ♣♣.♣
.#♣. .♣# ♣.♣ ♣.# .# .
. ♣.♣ ♣# . ♣ ♣


You could see a freezing wraith (combustible).

Vanquished Creatures
  A hydra (D:7)
  A boulder beetle (D:10)
  3 two-headed ogres
  An orc knight (Bailey)
  Pikel (D:7)
  A deep elf pyromancer (D:7)
  An ugly thing (D:7)
  3 centaur zombies
  3 gargoyles
  3 trolls
  A hornet (D:11)
  23 yaks
  2 wraiths
  Sigmund (D:3)
  A wyvern (D:11)
  A basilisk (D:7)
  Eustachio (D:4)
  4 steam dragons
  An acid dragon (D:9)
  10 orc warriors
  2 ice beasts
  2 sky beasts
  A black bear (D:7)
  2 necrophages
  A phantom (D:5)
  12 centaurs
  4 kobold brigands
  Blork the orc (D:4)
  4 gnoll sergeants
  A bullfrog (D:9)
  11 killer bees
  5 wights (D:7)
  2 howler monkeys
  A bullfrog zombie (D:7)
  2 jellies
  4 orc priests
  2 centaur skeletons
  2 hounds (D:7)
  Jessica (D:3)
  An iguana (D:5)
  6 orc wizards
  2 killer bee zombies
  2 hound skeletons
  A howler monkey zombie (D:8)
  18 gnolls
  10 adders
  An adder skeleton (D:4)
  3 worms
  4 dart slugs
  36 orcs
  10 endoplasms
  6 giant cockroaches
  4 goblins
  5 hobgoblins
  3 jackals (D:5)
  2 quokkas (D:2)
  8 ball pythons
  6 bats
  3 frilled lizards
  13 kobolds
  4 rats
271 creatures vanquished.

Vanquished Creatures (collateral kills)
  A gnoll (D:9)
  6 foxfires (D:2)
7 creatures vanquished.

Vanquished Creatures (others)
  462 foxfires
  2 plants (D:2)
464 creatures vanquished.

Grand Total: 742 creatures vanquished

Notes
Turn   | Place    | Note
-------+----------+-------------------------------------------
     0 | D:1      | DasRunzen the Djinni Fire Elementalist began the quest for
                  | the Orb.
     0 | D:1      | Reached XP level 1. HP: 15/15 MP: 0/0
   406 | D:1      | Reached XP level 2. HP: 16/22 MP: 0/0
  1259 | D:2      | Reached XP level 3. HP: 23/26 MP: 0/0
  1259 | D:2      | Learned a level 1 spell: Animate Skeleton
  1445 | D:2      | Reached skill level 1 in Fighting
  1548 | D:2      | Reached skill level 1 in Armour
  2272 | D:2      | Found a blossoming altar of Fedhas.
  2663 | D:2      | Reached XP level 4. HP: 27/32 MP: 0/0
  3237 | D:3      | Found a faded altar of an unknown god.
  3385 | D:3      | Noticed Jessica
  3392 | D:3      | Killed Jessica
  3393 | D:3      | Reached XP level 5. HP: 20/37 MP: 0/0
  3393 | D:3      | Learned a level 2 spell: Poisonous Vapours
  3987 | D:3      | Noticed Sigmund
  3992 | D:3      | Killed Sigmund
  3993 | D:3      | Reached XP level 6. HP: 22/45 MP: 0/0
  4546 | D:3      | Identified a scroll of acquirement
  4546 | D:3      | Acquired a +2 pair of gloves of hurling
  4792 | D:4      | Noticed Eustachio
  4799 | D:4      | Killed Eustachio
  4800 | D:4      | Reached XP level 7. HP: 25/49 MP: 0/0
  4800 | D:4      | Learned a level 2 spell: Passwall
  5144 | D:4      | Noticed Blork the orc
  5148 | D:4      | Killed Blork the orc
  5720 | D:5      | Entered Level 5 of the Dungeon
  5755 | D:5      | Reached XP level 8. HP: 52/56 MP: 0/0
  6050 | D:5      | Reached skill level 5 in Spellcasting
  6638 | D:6      | Reached skill level 5 in Dodging
  6644 | D:6      | Identified the +7 falchion of the Hummingbird {freeze,
                  | rPois Str+2 Dex-4 SInv}
  6748 | D:6      | Reached XP level 9. HP: 20/63 MP: 0/0
  6748 | D:6      | Learned a level 3 spell: Vampiric Draining
  7219 | D:6      | You are sucked into a shaft and drop 1 floor!
  7526 | D:7      | Reached skill level 5 in Armour
  7553 | D:7      | Found a runed translucent door.
  7591 | D:7      | Noticed a six-headed hydra
  7592 | D:7      | Reached skill level 5 in Fighting
  7597 | D:7      | Killed a six-headed hydra
  7598 | D:7      | Noticed a troll
  7599 | D:7      | Noticed a brown ugly thing
  7600 | D:7      | Noticed a troll
  7617 | D:7      | Killed a troll
  7618 | D:7      | Reached XP level 10. HP: 17/72 MP: 0/0
  7735 | D:7      | Noticed a gargoyle
  7754 | D:7      | Killed a gargoyle
  7947 | D:7      | Noticed a deep elf pyromancer
  7955 | D:7      | Killed a deep elf pyromancer
  8055 | D:7      | Found a staircase to the Ecumenical Temple.
  8068 | D:7      | Killed a brown ugly thing
  8176 | Temple   | Entered the Ecumenical Temple
  8413 | Temple   | Became a worshipper of Qazlal Stormbringer
  9467 | D:8      | Reached XP level 11. HP: 73/78 MP: 0/0
  9467 | D:8      | Learned a level 5 spell: Summon Forest
  9479 | D:8      | Reached * piety under Qazlal
  9523 | D:8      | Noticed Pikel
  9536 | D:7      | Killed Pikel
 10411 | D:9      | Noticed a two-headed ogre
 10417 | D:9      | Killed a two-headed ogre
 10695 | D:9      | Found Cusaphez's Distillery.
 10802 | D:9      | Reached ** piety under Qazlal
 10923 | D:9      | Found a flagged portal.
 10937 | Bailey   | Entered a bailey
 11391 | Bailey   | Noticed an orc knight
 11400 | Bailey   | Killed an orc knight
 11728 | D:9      | Reached *** piety under Qazlal
 11912 | D:9      | Reached XP level 12. HP: 54/86 MP: 0/0
 12331 | D:10     | Entered Level 10 of the Dungeon
 12351 | D:10     | Noticed a two-headed ogre
 12407 | D:10     | Noticed a boulder beetle
 12414 | D:10     | Killed a boulder beetle
 12571 | D:10     | Killed a two-headed ogre
 12807 | D:10     | Noticed a two-headed ogre
 12812 | D:10     | Killed a two-headed ogre
 12813 | D:10     | Reached skill level 10 in Dodging
 12813 | D:10     | Reached skill level 10 in Spellcasting
 12838 | D:10     | Found an iron altar of Okawaru.
 13418 | D:11     | Reached **** piety under Qazlal
 13433 | D:11     | Noticed a centaur warrior
 13446 | D:11     | Demolished by a freezing wraith

Illustrated notes

Levels and vault maps discovered:
D:1:      dpeg_arrival_tiny_e, layout_basic, minivault_5
D:2:      layout_loops_ring, serial_forest, infiniplex_forest_lined_3,
          infiniplex_forest_lined_room_3, infiniplex_forest_clump_diagonal,
          infiniplex_forest_end_2, infiniplex_forest_straight_3,
          infiniplex_forest_corner_1, infiniplex_forest_clump_cross,
          infiniplex_forest_lined_3, infiniplex_forest_lined_2, basic_altar,
          minmay_pentomino_r4
D:3:      layout_basic, chequers_ecumenical_altar_simple, uniq_jessica,
          uniq_sigmund
D:4:      layout_loops_cross, minmay_misc_feat_five, uniq_eustachio,
          uniq_blork_the_orc
D:5:      layout_basic, hangedman_abyss_or_decor_stagger
D:6:      layout_basic
D:7:      minmay_the_grid_four_pointed_star
          [minmay_the_grid_triangle_9x9_checkered,
          minmay_the_grid_triangle_9x9_thin_v,
          minmay_the_grid_triangle_9x9_zippers_horizontal,
          minmay_the_grid_triangle_9x9_subtriangle,
          minmay_the_grid_prize_big_room], layout_basic,
          minmay_temple_entry_sparse_star, skrybe_limestone_x
D:8:      layout_rooms, serial_curves, eino_curves_04, eino_curves_04,
          minmay_misc_feat_tower, uniq_pikel
D:9:      layout_loops_ring, serial_shops,
          nicolae_shop_competitors_out_of_business, enter_bailey_2,
          minmay_fractal_squares_5
D:10:     layout_basic, mainiacjoe_overflow_alcove_2
D:11:     nzn_winding_woodlands_three_and_one
          [nzn_winding_woodlands_5x15_crooked,
          nzn_winding_woodlands_5x15_garden, nzn_winding_woodlands_5x15_eye,
          nzn_winding_woodlands_center_pierced_h], layout_basic,
          david_lair_generic, david_orc_3, chequers_serial_rivers_micro_a,
          centaur_isle
Temple:   mainiacjoe_temple_circle_huts

Skill      XL: |  1  2  3  4  5  6  7  8  9 10 11 12 |
---------------+-------------------------------------+-----
Fighting       | 1 2 3 4 5 6 8 |  8.9
Armour         | 1 2 3 4 5 6 8 9 |  9.0
Spellcasting   | 3 4 5 6 8 9 10 | 10.2
Dodging        | 3 4 5 6 8 9 10 | 10.1
Stealth        | |  1.5

Action                   |  1- 3 |  4- 6 |  7- 9 | 10-12 || total
-------------------------+-------+-------+-------+-------++-------
Melee: Unarmed           |     2 |       |       |       ||     2
       Falchion          |       |       |     6 |     8 ||    14
       Trident           |       |       |     3 |       ||     3
       Punch             |       |       |     1 |       ||     1
 Cast: Foxfire           |   102 |    51 |    70 |    68 ||   291
       Scorch            |       |    21 |    89 |   219 ||   329
       Conjure Flame     |       |       |     2 |     2 ||     4
       Inner Flame       |       |       |       |    58 ||    58
       Animate Skeleton  |       |       |       |     1 ||     1
       Poisonous Vapours |       |       |       |     5 ||     5
  Use: Scroll            |     1 |     5 |     3 |    13 ||    22
Armor: Robe              |     2 |     1 |    19 |    15 ||    37
       Troll leather arm |       |       |       |    13 ||    13
Dodge: Dodged            |    11 |     9 |    50 |   118 ||   188
Block: Other             |       |       |       |    14 ||    14
